 Dungeon Crawl Stone Soup version 0.25.0-9-g26727b657a (webtiles) character file.

Game seed: 2878149318605930565

578 protoss039 the Magician (level 7, -2/36 HPs)
             Began as a Deep Elf Fire Elementalist on June 20, 2020.
             Slain by a centaur (8 damage)
             ... on level 5 of the Dungeon on June 21, 2020.
             The game lasted 00:11:27 (5063 turns).

protoss039 the Magician (DEFE)                      Turns: 5063, Time: 00:11:27

Health: -2/36      AC:  2    Str:  5    XL:     7   Next: 13%
Magic:  5/18       EV: 13    Int: 22    God:
Gold:   205        SH:  0    Dex: 15    Spells: 14/18 levels left

rFire    . . .     SeeInvis .   m - +0 dagger
rCold    . . .     Gourm    .   (no shield)
rNeg     . . .     Faith    .   a - +0 robe
rPois    +         Spirit   .   (no helmet)
rElec    .         Reflect  .   p - scarf {repulsion}
rCorr    .         Harm     .   (no gloves)
MR       .....                  (no boots)
Stlth    +++.......             (no amulet)
HPRegen  0.12/turn              q - ring of poison resistance
MPRegen  0.16/turn              (no ring)

@: repel missiles
A: no striking features
a: no special abilities


You were on level 5 of the Dungeon.
You were hungry.

You visited 1 branch of the dungeon, and saw 5 of its levels.

You collected 205 gold pieces.

Inventory:

Hand Weapons
 m - a +0 dagger (weapon)
Armour
 a - a +0 robe (worn)
 p - a scarf of repulsion (worn)
Jewellery
 q - a ring of poison resistance (left hand)
Wands
 t - a wand of digging (3)
Scrolls
 d - a scroll of random uselessness {unknown}
 h - 3 scrolls of identify
 k - a scroll of magic mapping {unknown}
 l - 5 scrolls of remove curse {unknown}
 o - a scroll of immolation {unknown}
 r - a scroll of amnesia {unknown}
 s - a scroll of blinking {unknown}
 u - a scroll of teleportation {unknown}
Potions
 b - a potion of curing
 e - a potion of haste
 f - a potion of lignification {unknown}
 g - a potion of heal wounds {unknown}
 i - a potion of might {unknown}
 j - 2 potions of cancellation {unknown}
 n - a potion of resistance {unknown}
Comestibles
 c - 7 rations


   Skills:
 + Level 0.3 Fighting
 - Level 2.4 Dodging
 + Level 4.2 Stealth
 + Level 6.1 Spellcasting
 * Level 4.8 Conjurations
 + Level 5.2 Fire Magic


You had 14 spell levels left.
You knew the following spells:

 Your Spells              Type           Power        Failure   Level  Hunger
a - Foxfire               Conj/Fire      ####         1%          1    None
b - Conjure Flame         Conj/Fire      ####....     3%          3    #......

Your spell library contained the following spells:

 Spells                   Type           Power        Failure   Level  Hunger
 Inner Flame              Hex/Fire       ###.....     10%         3    #......
 Sticky Flame             Conj/Fire      ####....     12%         4    ###....
 Recall                   Summ/Tloc      N/A          26%         3    #......
 Fireball                 Conj/Fire      ####......   32%         5    #####..
 Aura of Abjuration       Summ           #.........   94%         5    #####..
 Summon Demon             Summ           #.........   94%         5    #####..
 Summon Forest            Summ/Tloc      #.........   94%         5    #####..
 Summon Mana Viper        Hex/Summ       #.......     94%         5    #####..
 Shadow Creatures         Summ           N/A          100%        6    ######.


Dungeon Overview and Level Annotations

Branches:
Dungeon (5/15)
 Temple: D:4-7

Altars:
Elyvilon


Message History

Unknown command.
Unknown command.
Unknown command.
Casting: Foxfire (safe; 1% risk of failure)
Confirm with . or Enter, or press ? or * to list all spells.
You conjure some foxfire!
The foxfire hits the centaur but does no damage.
The centaur is heavily wounded.
The foxfire hits the centaur.
The centaur is severely wounded.
The centaur unwields a +0 shortbow.
The centaur hits you. The iguana bites you!
* * * LOW HITPOINT WARNING * * *
Unknown command.
Unknown command.
Casting: Foxfire (safe; 1% risk of failure)
Confirm with . or Enter, or press ? or * to list all spells.
You conjure some foxfire!
The foxfire hits the centaur.
The centaur is almost dead.
The centaur closely misses you. The centaur hits you!
You die...

_..# # ... ##.
... . (. .. ..
.##.# #
..#.##...#.#.##
......lcv......
.......@v.#
###########


You could see a centaur and an iguana.

Vanquished Creatures
  2 sky beasts
  A phantom (D:4)
  A hound (D:5)
  3 orc wizards (D:4)
  3 worker ants
  2 adders
  A shadow imp (D:2)
  An ooze (D:1)
  3 worms (D:2)
  2 dart slugs
  6 leopard geckos
  7 orcs (D:4)
  2 giant cockroaches
  A goblin (D:1)
  8 hobgoblins
  3 jackals (D:3)
  2 kobolds
  2 quokkas (D:2)
  6 bats
  A frilled lizard (D:2)
  A leopard gecko skeleton (D:4)
  A quokka skeleton (D:5)
  5 rats
64 creatures vanquished.

Vanquished Creatures (collateral kills)
  A frilled lizard (D:1)
  A rat (D:1)
2 creatures vanquished.

Vanquished Creatures (others)
  284 foxfires
284 creatures vanquished.

Grand Total: 350 creatures vanquished

Notes
Turn   | Place    | Note
-------+----------+-------------------------------------------
     0 | D:1      | protoss039 the Deep Elf Fire Elementalist began the quest
                  | for the Orb.
     0 | D:1      | Reached XP level 1. HP: 10/10 MP: 6/6
   202 | D:1      | Reached XP level 2. HP: 7/15 MP: 0/8
  1606 | D:2      | Reached XP level 3. HP: 19/19 MP: 2/9
  2572 | D:2      | Reached XP level 4. HP: 24/24 MP: 3/11
  3048 | D:3      | Noticed a sky beast
  3060 | D:3      | Killed a sky beast
  3060 | D:3      | Reached skill level 4 in Spellcasting
  3060 | D:3      | Reached XP level 5. HP: 18/28 MP: 0/13
  3762 | D:4      | Reached skill level 5 in Spellcasting
  3922 | D:4      | Noticed a phantom
  3928 | D:4      | Learned a level 3 spell: Conjure Flame
  3967 | D:4      | Killed a phantom
  3967 | D:4      | Reached XP level 6. HP: 31/32 MP: 6/15
  4464 | D:4      | Noticed a sky beast
  4473 | D:4      | Killed a sky beast
  4473 | D:4      | Reached skill level 6 in Spellcasting
  4473 | D:4      | Reached skill level 5 in Fire Magic
  4598 | D:4      | Reached XP level 7. HP: 29/36 MP: 6/18
  5039 | D:5      | Entered Level 5 of the Dungeon
  5048 | D:5      | Found a white marble altar of Elyvilon.
  5063 | D:5      | Slain by a centaur

Illustrated notes

Levels and vault maps discovered:
D:1:      psy_arrival_conway, layout_loops_ring
D:2:      layout_loops_ring, minmay_misc_feat_tiny
D:3:      layout_rooms, kennysheep_cross_room
D:4:      layout_basic, first_ration
D:5:      layout_basic, lemuel_coloured_pillars_altar, minmay_ruined_shrine,
          uniq_duvessa

Skill      XL: |  1  2  3  4  5  6  7 |
---------------+----------------------+-----
Fire Magic     | 4 5 |  5.2
Conjurations   | 2 3 4 |  4.8
Spellcasting   | 4 5 6 |  6.1
Stealth        | 3 4 |  4.2
Fighting       | |  0.3
Dodging        | |  2.4

Action                   |  1- 3 |  4- 6 |  7- 9 || total
-------------------------+-------+-------+-------++-------
Melee: Unarmed           |    14 |       |       ||    14
       Dagger            |       |    11 |       ||    11
 Cast: Foxfire           |   136 |   107 |    18 ||   261
       Conjure Flame     |       |     5 |       ||     5
  Use: Scroll            |       |     1 |       ||     1
       Potion            |       |     1 |       ||     1
  Eat: Chunk             |     5 |     6 |     1 ||    12
Armor: Robe              |     6 |     6 |       ||    12
Dodge: Dodged            |    39 |    38 |     6 ||    83
